 Dungeon Crawl Stone Soup version 0.27-a0-1557-g57f10a385c (webtiles) character file.

Game seed: 3943438512433460383

39 lunkers the Ruffian (level 3, -7/29 HPs)
             Began as a Ghoul Warper on July 15, 2021.
             Mangled by Sigmund (13 damage)
             ... on level 2 of the Dungeon.
             The game lasted 00:03:16 (1362 turns).

lunkers the Ruffian (Ghoul Warper)                  Turns: 1362, Time: 00:03:17

Health: -7/29      AC:  5    Str: 15    XL:     3   Next: 47%
Magic:  4/4        EV: 10    Int:  8    God:
Gold:   53         SH:  0    Dex:  8    Spells: 5/5 levels left

rFire    . . .     SeeInvis .     - Unarmed
rCold    + . .     Faith    .   (no shield)
rNeg     + + +     Spirit   .   f - +0 ring mail
rPois    ∞         Reflect  .   (no helmet)
rElec    .         Harm     .   (no cloak)
rCorr    .         Rampage  .   (no gloves)
Will     .....                  (no boots)
Stlth    ..........             (no amulet)
HPRegen  0.00/turn              (no ring)
MPRegen  0.09/turn              (no ring)

@: no status effects
A: claws 1, cold resistance 1, negative energy resistance 3, inhibited
regeneration, torment resistance 2
a: no special abilities


You were on level 2 of the Dungeon.
You visited 1 branch of the dungeon, and saw 3 of its levels.

You collected 53 gold pieces.

Inventory:

Missiles
 c - 5 boomerangs of dispersal
 k - 3 poisoned darts (quivered)
Armour
 a - a +0 leather armour
 f - a +0 ring mail (worn)
Jewellery
 j - a ring of poison resistance
Scrolls
 b - a scroll of blinking
 e - 2 scrolls of identify
 h - a scroll of amnesia {unknown}
 i - a scroll of summoning {unknown}
Potions
 d - a potion of invisibility
 g - a potion of flight


   Skills:
 - Level 2.1 Fighting
 - Level 0.8 Throwing
 - Level 0.8 Armour
 - Level 1.7 Dodging
 * Level 4.2 Unarmed Combat
 - Level 1.7 Spellcasting
 - Level 2.6 Translocations


You had 5 spell levels left.
You didn't know any spells.
Your spell library contained the following spells:

 Spells                   Type           Power      Damage    Failure   Level
 Blink                    Tloc           N/A        N/A       36%         2
 Gell's Gravitas          Tloc           2%         N/A       58%         3
 Lesser Beckoning         Tloc           2%         N/A       58%         3
 Teleport Other           Tloc           5%         N/A       58%         3
 Manifold Assault         Tloc           5%         N/A       100%        5


Dungeon Overview and Level Annotations

Branches:
Dungeon (3/15)

Altars:

Annotations:
D:2 1 runed translucent door, Crazy Yiuf, Sigmund


Innate Abilities, Weirdness & Mutations

You thrive by killing the living.
You are immune to poison.
You have sharp fingernails.
Your flesh is cold resistant. (rC+)
You are immune to negative energy. (rN+++)
You do not regenerate when monsters are visible.
You are immune to unholy pain and torment.


Message History

You throw a poisoned dart.
The poisoned dart barely misses the orc. x2
You throw a poisoned dart.
The poisoned dart completely misses the orc.
The poisoned dart closely misses the orc.
The orc hits you from afar with a +1 trident of freezing.
You throw a poisoned dart.
The poisoned dart closely misses the orc.
The poisoned dart hits the orc.
The orc is poisoned.
The orc hits you from afar with a +1 trident of freezing.
The orc barely misses you.
You scratch the orc.
The orc is lightly wounded.
The orc hits you with a +1 trident of freezing.
* * * LOW HITPOINT WARNING * * *
The orc freezes you.
* * * LOW HITPOINT WARNING * * *
The orc barely misses you.
There is a stone staircase leading up here.
The orc hits you from afar with a +1 trident of freezing.
* * * LOW HITPOINT WARNING * * *
You climb upwards.
Level annotation: 1 runed translucent door, Crazy Yiuf, Sigmund
There is a stone staircase leading down here.
Sigmund is nearby!
Sigmund gestures at you while chanting. You resist with significant effort.
Sigmund casts a spell at you.
You are confused.
You bump into the rock wall.
Sigmund casts a spell at you. The magic dart hits you!
* * * LOW HITPOINT WARNING * * *
You bump into the rock wall.
Sigmund gestures wildly while chanting.
Sigmund flickers and vanishes!
You bump into the rock wall.
You feel less confused. Something hits you!
You die...

#...............
#.####.......@.. #.#
##'######### #.#
#........... ####.#
#........... #....#
#.....)..... #.####
##'#########
##.#######.#########
#..@{.....>.........
####################


There were no monsters in sight!

Vanquished Creatures
  A gnoll (D:1)
  An orc (D:3)
  5 ball pythons
  4 endoplasms (D:1)
  2 giant cockroaches (D:1)
  3 goblins
  A hobgoblin (D:3)
  3 jackals (D:2)
  A bat (D:2)
  2 frilled lizards (D:1)
  2 kobolds
  A rat (D:1)
26 creatures vanquished.

Notes
Turn   | Place    | Note
-------+----------+-------------------------------------------
     0 | D:1      | lunkers the Ghoul Warper began the quest for the Orb.
     0 | D:1      | Reached XP level 1. HP: 17/17 MP: 2/2
    35 | D:1      | Reached skill level 3 in Unarmed Combat
    35 | D:1      | Reached XP level 2. HP: 9/24 MP: 3/3
   584 | D:1      | Reached XP level 3. HP: 29/29 MP: 4/4
   748 | D:2      | Noticed Sigmund
   917 | D:2      | Reached skill level 4 in Unarmed Combat
  1066 | D:2      | Found a runed translucent door.
  1067 | D:2      | Noticed Crazy Yiuf
  1362 | D:2      | Mangled by Sigmund

Illustrated notes

Levels and vault maps discovered:
D:1:      psy_arrival_fountain, layout_rooms
D:2:      layout_basic, minmay_splitting_lines, uniq_crazy_yiuf_cottage,
          uniq_sigmund
D:3:      layout_basic, chequers_garden, kennysheep_another_room,
          minmay_tree_intersection, uniq_ijyb, uniq_natasha, uniq_jessica

Skill      XL: |  1  2  3 |
---------------+----------+-----
Unarmed Combat | 3 4 |  4.2
Fighting       | |  2.1
Throwing       | |  0.8
Armour         | |  0.8
Dodging        | |  1.7
Spellcasting   | |  1.7
Translocations | |  2.6

Action                   || total
-------------------------++-------
Melee: Unarmed           ||    63
       Punch             ||     1
Throw: Dart              ||    10
  Use: Scroll            ||     2
Armor: Ring mail         ||    24
       Leather armour    ||     2
Dodge: Dodged            ||    38

Table legend: (Time is in decaauts)
 A = Elapsed time spent in this place.
 B = Non-inter-level travel time spent in this place.
 C = Inter-level travel time spent in this place.
 D = Time resting spent in this place.
 E = Time spent auto-exploring this place.
 F = Levels seen in this place.
 G = Mean time per level.
                   A        B        C        D        E       F      G
               +--------+--------+--------+--------+--------+-----+--------+
         Total |   1358 |   1321 |     37 |      0 |   1026 |   3 |  452.7 |
       Dungeon |   1358 |   1321 |     37 |      0 |   1026 |   3 |  452.7 |
               +--------+--------+--------+--------+--------+-----+--------+

Top non-repeatable levels by time:
     D:1: 739 daAuts
     D:2: 571 daAuts
     D:3: 47 daAuts
